 Dungeon Crawl Stone Soup version 0.21-a0-215-g0631661 (webtiles) character file.

5 Dominolapin the Magician (level 1, -2/11 HPs)
             Began as an Octopode Wizard on Aug 22, 2017.
             Slain by a kobold
             ... wielding a +0 club
              (4 damage)
             ... on level 1 of the Dungeon.
             The game lasted 00:00:47 (419 turns).

Dominolapin the Magician (Octopode Wizard)           Turns: 419, Time: 00:00:48

Health: -2/11      AC:  1    Str:  6    XL:     1   Next: 80%
Magic:  4/4        EV: 13    Int: 20    God:
Gold:   36         SH:  0    Dex: 10    Spells: 5/6 levels left

rFire    . . .     SeeInvis .   i - +0 mace
rCold    . . .     Gourm    .   (no shield)
rNeg     + . .     Faith    .   a - +0 hat
rPois    .         Spirit   .   (no amulet)
rElec    .         Reflect  .   N - ring of positive energy
rCorr    .         Harm     .   (no ring)
MR       .....                  (no ring)
Stlth    +++.......             (no ring)
HPRegen  0.03/turn              (no ring)
MPRegen  0.09/turn              (no ring)
                                (no ring)
                                (no ring)

@: no status effects
A: almost no armour, stealthy swim, amphibious, 8 rings, constrict 8, camouflage
1, gelatinous body 1
a: no special abilities


You were on level 1 of the Dungeon.
You were not hungry.

You visited 1 branch of the dungeon, and saw 1 of its levels.

You collected 36 gold pieces.


Innate Abilities, Weirdness & Mutations

You cannot wear most types of armour.
You are very stealthy in the water. (Stealth+)
You are amphibious.
You can wear up to eight rings at the same time.
You can use your tentacles to constrict eight enemies at once.
Your skin changes colour to match your surroundings (Stealth+).
Your rubbery body absorbs attacks. (AC +1, EV +1)


   Skills:
 - Level 2.0 Dodging
 - Level 2.6 Stealth
 + Level 3.1 Spellcasting
 + Level 1.4 Conjurations
   Level 1.0 Summonings
   Level 1.0 Translocations


You had 5 spell levels left.
You knew the following spells:

 Your Spells              Type           Power        Failure   Level  Hunger
a - Magic Dart            Conj           #...         8%          1    None

Inventory:

Hand Weapons
 i - a +0 mace (weapon)
Armour
 a - a +0 hat (worn)
Jewellery
 N - a ring of positive energy (left tentacle)
Scrolls
 d - a scroll of fog {unknown}
 f - 3 scrolls of identify {unknown}
 h - a scroll of remove curse {unknown}
 m - a scroll of fear {unknown}
Potions
 e - a potion of haste {unknown}
 g - 2 potions of invisibility {unknown}
 j - 2 potions of curing {unknown}
 l - a potion of lignification {unknown}
Books
 b - a book of Minor Magic

   Spells                             Type                      Level
   a - Magic Dart                     Conjuration                  1
   b - Blink                          Translocation                2
   c - Call Imp                       Summoning                    2
   d - Slow                           Hexes                        2
   e - Conjure Flame                  Conjuration/Fire             3
   f - Mephitic Cloud                 Conjuration/Poison/Air       3
Comestibles
 c - a bread ration {@e1}
 k - 2 chunks of flesh

Dungeon Overview and Level Annotations

Branches:
Dungeon (1/15)

Altars:

####..######....
........(......
..#####..#####..#..
.
...................
..
.#####s#..).......
..# #g#.####.##.. ..
#.#..........
#.######.#..###.##..
#..@K.gs%...###.##.#
#.#####..........# #
#..##(###..#
#..........#
#.##.......#
#.##..###..# #.##.>#
#..# #.##... ...#
##.# ....


You could see a giant cockroach, a goblin and a kobold.


Message History

You miscast Magic Dart.
Wisps of smoke drift from your tentacles.
Casting: Magic Dart
Confirm with . or Enter, or press ? or * to list all spells.
You don't have enough magic to cast that spell.
The kobold hits you but does no damage.
You barely miss the kobold. Your grab misses the kobold.
The kobold is moderately wounded.
The kobold hits you but does no damage.
You barely miss the kobold. Your grab misses the kobold.
The kobold is moderately wounded.
The kobold misses you. The kobold hits you with a club.
Unknown command.
You closely miss the kobold. Your grab misses the kobold.
The kobold hits you with a club.
* * * LOW HITPOINT WARNING * * *
You barely miss the kobold. Your grab misses the kobold.
The kobold closely misses you.
Unknown command.
A goblin comes into view. It is wielding a club.
A giant cockroach comes into view.
Things that are here:
a whip; 2 stones The goblin shouts!
Your magical contamination has completely faded away.
Found a scroll labeled ACHU YTALLYNU.
You see here a scroll labeled ACHU YTALLYNU.
m - a scroll labeled ACHU YTALLYNU The kobold hits you with a club.
You die...

Action                   || total
-------------------------++-------
Melee: Mace              ||     8
       Constrict         ||     1
       Tentacles         ||     1
 Cast: Magic Dart        ||     8
 Stab: Sleeping          ||     1
Armor: Skin              ||     1
Dodge: Dodged            ||     5

Vault maps used:
D:1:      shiori_shiawase

Notes
Turn   | Place    | Note
-------+----------+-------------------------------------------
     0 | D:1      | Dominolapin the Octopode Wizard began the quest for the Orb.
     0 | D:1      | Reached XP level 1. HP: 11/11 MP: 4/4
   386 | D:1      | HP: 1/11 [kobold/club (5)]
   419 | D:1      | Slain by a kobold

Vanquished Creatures
  2 goblins (D:1)
  2 kobolds (D:1)
4 creatures vanquished.
